[Event "*** Titled Tuesday Blitz"]
[Site "Chess.com"]
[Date "2021.04.06"]
[Round "7"]
[White "IngOscarArdila"]
[Black "Annagozel"]
[Result "0-1"]
[WhiteElo "2173"]
[BlackElo "1873"]
[TimeControl "180+1"]
[EndTime "11:16:50 PDT"]
[Termination "Annagozel won by checkmate"]

1. d4 d5 2. c4 c6 3. cxd5 cxd5 4. Nf3 Nf6 5. Bf4 Nc6 6. e3 e6 7. Bb5 Bb4+ 8. Nc3 O-O 9. Bxc6 bxc6 10. Qa4 c5 11.
O-O Bd7 12. Qc2 Rc8 13. a3 Bxc3 14. Qxc3 Ne4 15. Qa5 Qxa5 16. Ne5 Bb5 17. Rfd1 cxd4 18. exd4 Rc2 19. b4 Qb6 20. a4 f6 21. Ng4 Be2 22. Rdc1 Rxc1+ 23. Rxc1 Bxg4 24. Be3 Be2 25. f3 Nd6 26. b5 Nc4 27. Bf2 Qa5 28. Ra1 Rb8 29. h4 Rxb5 30. Kh2 Rb2 31. Bg3 Kf7 32. Kh3 Qd2 33. a5 Bxf3 34. gxf3 Qg2+ 35. Kg4 f5+ 36.
Kf4 Qd2# 0-1

[Event "*** Titled Tuesday Blitz"]
[Site "Chess.com"]
[Date "2021.04.06"]
[Round "7"]
[White "Two_Towers_Krakow"]
[Black "Triumphmate"]
[Result "1-0"]
[WhiteElo "2513"]
[BlackElo "2364"]
[TimeControl "180+1"]
[EndTime "11:16:51 PDT"]
[Termination "Two_Towers_Krakow won by checkmate"]

1. e4 d5 2. exd5 Nf6 3. Bb5+ c6 4. dxc6 Nxc6 5. Nf3 Bg4 6. Be2 e6 7. h3 Bh5 8. d3 Bd6 9. Bg5 h6 10. Bxf6 Qxf6 11. Nc3 O-O 12. Ne4 Qxb2 13. Rb1 Bb4+ 14. c3 Bxc3+ 15. Kf1 Qxa2 16. Nxc3 Qa5 17. Qd2 Rab8 18.
g4 Bg6 19. h4 Rfc8 20. h5 Bh7 21. Ne4 Qd5 22. Qf4 e5 23. Qe3 b6 24. g5 hxg5 25. Nfxg5 Bxe4 26. dxe4 Qd4 27. Qf3 f6 28. Qb3+ Kh8 29. h6 fxg5 30. Qf7 Rc7 31. hxg7# 1-0

[Event "*** Titled Tuesday Blitz"]
[Site "Chess.com"]
[Date "2021.04.06"]
[Round "7"]
[White "2346PL"]
[Black "xurramid77"]
[Result "0-1"]
[WhiteElo "2496"]
[BlackElo "2627"]
[TimeControl "180+1"]
[EndTime "11:16:56 PDT"]
[Termination "xurramid77 won by resignation"]

1. d4 Nf6 2. Nc3 d5 3. Bf4 g6 4.
e3 Bg7 5. h4 h5 6. Nf3 O-O 7. Ne5 Be6 8. Be2 c5 9. Qd2 Nbd7 10. f3 Rc8 11. g4 a6 12. Rg1 b5 13.
Nxd7 Qxd7 14. Be5 b4 15. Nd1 hxg4 16. Bxf6 Bxf6 17. fxg4 Bxh4+ 18. Nf2 Qc7 19. dxc5 Qh2 20. Rf1 Rxc5 21. Bf3 Rfc8 22. Rc1 Qe5 23. Kd1 Bxf2 24. Rxf2 Qxb2 25. Rh2 Qe5 26. Qf2 Rc3 27. Kd2 d4 28. Qh4 Qxe3+ 29. Kd1 Rd3+ 0-1

[Event "*** Titled Tuesday Blitz"]
[Site "Chess.com"]
[Date "2021.04.06"]
[Round "7"]
[White "Horizonevent"]
[Black "Magila31"]
[Result "1-0"]
[WhiteElo "2500"]
[BlackElo "2323"]
[TimeControl "180+1"]
[EndTime "11:16:56 PDT"]
[Termination "Horizonevent won by resignation"]

1. d4 Nf6 2. c4 g6 3. Nc3 Bg7 4. Bg5 O-O 5. e3 c5 6. d5 d6 7. Nf3 e6 8. Qd2 exd5 9. Nxd5 Be6 10. Nxf6+ Bxf6 11. Bxf6 Qxf6 12. Be2 Nc6 13. O-O Rad8 14. e4 Ne5 15. b3 Bg4 16. Qe3 Bxf3 17. Bxf3 Nxf3+ 18. Qxf3 Qxf3 19. gxf3 f5 20. Rad1 fxe4 21. fxe4 Rfe8 22.
f3 Kg7 23. Kf2 g5 24. Rd5 Re5 25. Rfd1 Rxd5 26. Rxd5 Kf6 27. Ke3 h6 28. h4 gxh4 29.
Rh5 Kg6 30. Rxh4 h5 31. f4 Re8 32. Rh1 a6 33. Rd1 Re6 34. f5+ 1-0

[Event "*** Titled Tuesday Blitz"]
[Site "Chess.com"]
[Date "2021.04.06"]
[Round "7"]
[White "joejan"]
[Black "onnoelgersma"]
[Result "0-1"]
[WhiteElo "2282"]
[BlackElo "2423"]
[TimeControl "180+1"]
[EndTime "11:16:56 PDT"]
[Termination "onnoelgersma won by resignation"]

1. e4 c5 2. Nc3 e6 3. f4 d5 4.
Bb5+ Nc6 5. d3 Nf6 6. Nf3 Bd7 7.
O-O a6 8. Bxc6 Bxc6 9. Ne5 Be7 10.
g4 O-O 11. g5 Nd7 12. Nxc6 bxc6 13. h4 f5 14. Qe2 Kh8 15. exd5 exd5 16. h5 Qe8 17.
Bd2 Bd6 18. Qh2 Rb8 19. Rae1 Qf7 20. b3 c4 21. dxc4 dxc4 22. h6 g6 23. Re2 Rfe8 24.
Rfe1 cxb3 25. axb3 Nc5 26. Be3 Kg8 27. Bd4 Ne6 28.
Be3 Rbd8 29. Qf2 Bb4 30. Na4 Bxe1 31. Qxe1 Qe7 32. Nb6 Nxf4 0-1

[Event "*** Titled Tuesday Blitz"]
[Site "Chess.com"]
[Date "2021.04.06"]
[Round "7"]
[White "fastestmindalive"]
[Black "ShahMatKanal"]
[Result "1-0"]
[WhiteElo "2767"]
[BlackElo "2452"]
[TimeControl "180+1"]
[EndTime "11:16:57 PDT"]
[Termination "fastestmindalive won by resignation"]

1. e4 c5 2. Nc3 Nc6 3. f4 g6 4.
Nf3 Bg7 5. Bb5 Nd4 6. a4 Nf6 7. e5 Nh5 8. d3 a6 9. Bc4 d6 10. O-O O-O 11. exd6 Qxd6 12. Ne4 Qc7 13. c3 Ne6 14. g3 Bd7 15. Ne5 b5 16. axb5 axb5 17.
Rxa8 Rxa8 18. Bd5 Rc8 19. Nxf7 c4 20. f5 gxf5 21. Qxh5 fxe4 22. Ng5 Qb6+ 23. d4 h6 24. Qf7+ Kh8 25. Nxe6 Bxe6 26. Bxe6 Rf8 27. Qxe7 Bxd4+ 28. Kg2 Rxf1 29. Kxf1 1-0

[Event "*** Titled Tuesday Blitz"]
[Site "Chess.com"]
[Date "2021.04.06"]
[Round "7"]
[White "Mazanchenko_Dmitry"]
[Black "IljaJoke"]
[Result "0-1"]
[WhiteElo "2229"]
[BlackElo "2476"]
[TimeControl "180+1"]
[EndTime "11:16:58 PDT"]
[Termination "IljaJoke won by checkmate"]

1. e4 c5 2. Ne2 d6 3. Nbc3 Nf6 4. d4 cxd4 5. Nxd4 a6 6. f4 e5 7. Nf3 Nbd7 8. Bc4 b5 9. Bd5 Rb8 10. fxe5 dxe5 11. Ng5 Nxd5 12. Qxd5 Qe7 13. O-O Nf6 14.
Qd3 h6 15. Nf3 b4 16. Nd5 Nxd5 17. Qxd5 Qc5+ 18. Kh1 Qxd5 19. exd5 Bd6 20. c4 bxc3 21. bxc3 O-O 22. Be3 Bd7 23. c4 Rfc8 24. Rfc1 Ba3 25. Nxe5 Bxc1 26. Rxc1 Bf5 27. c5 Re8 28. Bf4 Rb4 29. Bg3 Rd4 30. d6 h5 31. d7 Bxd7 32.
Nxd7 Rxd7 33. c6 Rc8 34. Bf4 Rxc6 35. Rxc6 Rd1# 0-1

[Event "*** Titled Tuesday Blitz"]
[Site "Chess.com"]
[Date "2021.04.06"]
[Round "7"]
[White "Rondo_Capriccioso"]
[Black "blitzking1729"]
[Result "0-1"]
[WhiteElo "2480"]
[BlackElo "2629"]
[TimeControl "180+1"]
[EndTime "11:16:59 PDT"]
[Termination "blitzking1729 won by resignation"]

1. e4 c5 2. Nf3 e6 3. d4 cxd4 4. Nxd4 a6 5. Bd3 Bc5 6. Nb3 Ba7 7. c4 Nf6 8. Nc3 Nc6 9. O-O h5 10. Bg5 Qc7 11. Rc1 Ng4 12. g3 f6 13. Bf4 Nce5 14. h3 g5 15. Bxe5 Nxe5 16. Kg2 b6 17. Be2 Bb7 18. Bxh5+ Ke7 19. f4 gxf4 20. gxf4 Rag8+ 21.
Kh2 Nxc4 22. Nd2 b5 23. Bg4 Be3 24. Ne2 Rxg4 25. b3 Bxd2 26. Qxd2 Nxd2 27. Rxc7 Nxf1+ 0-1

[Event "*** Titled Tuesday Blitz"]
[Site "Chess.com"]
[Date "2021.04.06"]
[Round "7"]
[White "BanjoKazooieN64"]
[Black "ellennilssen"]
[Result "1-0"]
[WhiteElo "2460"]
[BlackElo "2237"]
[TimeControl "180+1"]
[EndTime "11:17:04 PDT"]
[Termination "BanjoKazooieN64 won by resignation"]

1. e4 e6 2. d3 d5 3. Nd2 Nf6 4. g3 c5 5. Bg2 Nc6 6. Ngf3 Be7 7. O-O b6 8. Re1 Bb7 9. e5 Nd7 10. Qe2 Qc7 11. h4 h6 12. Nf1 O-O-O 13. c3 Rdg8 14. h5 g5 15. d4 g4 16. N3h2 cxd4 17. cxd4 Nxd4 18. Qd1 Nc2 19. Bf4 Nxa1 20. Qxa1 Kb8 21. Rc1 Qd8 22. Ne3 Bg5 23. Bxg5 Rxg5 24. Nexg4 Rxh5 25. f4 Rg8 26. Rc3 Nc5 27. Nf6 Rxh2 28. Kxh2 d4 29.
Rc2 Rh8 30. b4 Na6 31. Bxb7 Kxb7 32. Qh1+ Kb8 33. Qc6 Nxb4 34. Nd7+ Qxd7 35. Qxd7 Nxc2 36. Qxf7 Rd8 37. Qe7 Kc8 38. Qxe6+ Kc7 39. Qc4+ 1-0

[Event "*** Titled Tuesday Blitz"]
[Site "Chess.com"]
[Date "2021.04.06"]
[Round "7"]
[White "ukchessbomber"]
[Black "rachidhuilda"]
[Result "1-0"]
[WhiteElo "2487"]
[BlackElo "2271"]
[TimeControl "180+1"]
[EndTime "11:17:06 PDT"]
[Termination "ukchessbomber won on time"]

1. d4 Nf6 2. c4 c5 3. d5 b5 4. cxb5 a6 5. bxa6 g6 6. Nc3 Bg7 7. e4 O-O 8. e5 Ne8 9. h4 d6 10. e6 fxe6 11. h5 gxh5 12. Qxh5 Nf6 13. Qh4 Qe8 14. Bd3 h5 15. Bg5 exd5 16. Bxf6 Rxf6 17.
Nxd5 Rh6 18. Nc7 Qc6 19. Bc4+ Kh8 20. Qxe7 Nd7 21. Qe8+ Bf8 22. Qf7 Qe4+ 23. Ne2 Qxg2 24. Rg1 Ne5 25. Qxf8+ 1-0

[Event "*** Titled Tuesday Blitz"]
[Site "Chess.com"]
[Date "2021.04.06"]
[Round "7"]
[White "Sychev_Klementy"]
[Black "VitaRasik"]
[Result "1/2-1/2"]
[WhiteElo "2876"]
[BlackElo "2612"]
[TimeControl "180+1"]
[EndTime "11:17:09 PDT"]
[Termination "Game drawn by agreement"]

1. e4 d6 2. d4 g6 3. Nc3 Bg7 4. f4 Nf6 5. Nf3 O-O 6. e5 dxe5 7. fxe5 Nd5 8. Bc4 Be6 9. Qe2 Nxc3 10. bxc3 Bxc4 11. Qxc4 Nd7 12. O-O Nb6 13. Qb3 Qd5 14. Qxd5 Nxd5 15. c4 Nb6 16. c5 Nc4 17. Rb1 b6 18.
Rb4 Na5 19. d5 Rfd8 20. c4 e6 21. Bg5 exd5 22. Bxd8 Rxd8 23. Rd1 Nc6 24. Ra4 d4 25. cxb6 axb6 26. Re1 d3 27. Kf2 Nxe5 1/2-1/2

[Event "*** Titled Tuesday Blitz"]
[Site "Chess.com"]
[Date "2021.04.06"]
[Round "7"]
[White "WinOrTilt"]
[Black "oogee"]
[Result "0-1"]
[WhiteElo "2229"]
[BlackElo "2379"]
[TimeControl "180+1"]
[EndTime "11:17:09 PDT"]
[Termination "oogee won by resignation"]

1. d4 Nf6 2. Nf3 g6 3. g3 Bg7 4. Bg2 O-O 5. Nc3 d5 6. Ne5 Bf5 7. O-O c6 8. Be3 Nbd7 9. f4 Ng4 10. Bd2 f6 11. Nxd7 Bxd7 12. h3 Nh6 13. e4 dxe4 14.
Nxe4 Qb6 15. Bc3 Nf5 16. Nc5 Ne3 17. Qf3 Nxf1 18. Nxd7 Nd2 19. Qd3 Qb5 20. Qxd2 Rfd8 21. Nc5 e5 22. fxe5 fxe5 23. Ne6 exd4 24. Nxd8 dxc3 25. bxc3 Qb6+ 26. Kh2 Rxd8 27. Qe1 Qc5 28. Rb1 b6 29. Qe6+ Kh8 30. Qxc6 Qxc3 31. Qc7 Qxc7 0-1

[Event "*** Titled Tuesday Blitz"]
[Site "Chess.com"]
[Date "2021.04.06"]
[Round "7"]
[White "Chigorinetz"]
[Black "Aygehovit1992"]
[Result "0-1"]
[WhiteElo "2517"]
[BlackElo "2661"]
[TimeControl "180+1"]
[EndTime "11:17:10 PDT"]
[Termination "Aygehovit1992 won by resignation"]

1. e4 d6 2. Nc3 g6 3. f4 Bg7 4. Nf3 c5 5. Bc4 e6 6. O-O Ne7 7. Qe1 O-O 8. d3 d5 9. Bb3 Nbc6 10. Kh1 b6 11. Qh4 f6 12. f5 gxf5 13. exd5 Nxd5 14. Nxd5 exd5 15. Bh6 Rf7 16. Rae1 Na5 17. Bxd5 Qxd5 18. Re8+ Rf8 19. Qxf6 Qf7 20. Rxf8+ Qxf8 21. Qg5 Qf6 22. Re1 Qxg5 23. Bxg5 Nc6 24. c3 Bd7 25. Kg1 Re8 26. Rxe8+ Bxe8 27. Kf2 Bf7 28. a3 Ba2 29. Bf4 Kf7 30.
h3 h6 31. g4 fxg4 32. hxg4 Ke6 33. Ke3 Ne7 34. Bb8 a6 35. Ba7 Kd7 36. d4 cxd4+ 37.
cxd4 Kc7 38. g5 Kb7 39. gxh6 Bxh6+ 0-1

[Event "*** Titled Tuesday Blitz"]
[Site "Chess.com"]
[Date "2021.04.06"]
[Round "7"]
[White "zala02"]
[Black "malakismayil"]
[Result "1-0"]
[WhiteElo "2154"]
[BlackElo "2274"]
[TimeControl "180+1"]
[EndTime "11:17:11 PDT"]
[Termination "zala02 won on time"]

1. e4 e5 2. Nf3 Nc6 3. Bc4 Bc5 4. c3 Nf6 5. d3 d6 6. O-O O-O 7. Nbd2 Be6 8. Bb3 Re8 9. Re1 d5 10. Nf1 dxe4 11. dxe4 Qxd1 12. Bxd1 Nxe4 13. Rxe4 Rad8 14. Re1 e4 15. N3d2 f5 16. Nb3 Bb6 17. Be3 Ne5 18.
Nd4 Bxd4 19. Bxd4 Nd3 20. Re3 c5 21. Rxd3 exd3 22. Bxc5 b6 23. Be3 h6 24. Bb3 Bxb3 25.
axb3 Re7 26. Nd2 g5 27. g3 Rf8 28. Kf1 f4 29. gxf4 gxf4 30. Bd4 Kh7 31. Rd1 f3 32.
Nc4 Rfe8 33. Ne3 Rg8 34. Rxd3 Re4 35. Nd5 Kg6 36. Rxf3 Rd8 37. Rg3+ Kf5 38. Ne3+ Ke6 39. Rg7 1-0

[Event "*** Titled Tuesday Blitz"]
[Site "Chess.com"]
[Date "2021.04.06"]
[Round "7"]
[White "Louis64"]
[Black "CM_rui"]
[Result "0-1"]
[WhiteElo "2261"]
[BlackElo "2429"]
[TimeControl "180+1"]
[EndTime "11:17:15 PDT"]
[Termination "CM_rui won by resignation"]

1. e4 e5 2. Nf3 Nc6 3. d4 exd4 4. Nxd4 Bc5 5. Nb3 Bb6 6. Nc3 Nf6 7. Qe2 d6 8. Bg5 Nd4 9. Qd2 Nxb3 10. cxb3 Be6 11. O-O-O a5 12. Nd5 Bxd5 13. exd5 O-O 14. Bd3 a4 15.
bxa4 Rxa4 16. Kb1 Qa8 17. a3 Nxd5 18. Bxh7+ Kxh7 19. Qxd5 Ra5 20. Qd3+ Kg8 21. Be3 Bxe3 22. Qxe3 Rb5 23. Rhe1 Qa4 24. Rd4 Qa5 25. Red1 Ra8 26. Ka2 Qb6 27. R1d2 Qc5 28. Qh3 Rb4 29. Rxb4 Qxb4 30.
Qb3 Qxd2 0-1

[Event "*** Titled Tuesday Blitz"]
[Site "Chess.com"]
[Date "2021.04.06"]
[Round "7"]
[White "ama18"]
[Black "kidagent"]
[Result "1-0"]
[WhiteElo "2507"]
[BlackElo "2337"]
[TimeControl "180+1"]
[EndTime "11:17:17 PDT"]
[Termination "ama18 won by resignation"]

1. e4 c5 2. Nf3 d6 3. d4 cxd4 4.
Nxd4 Nf6 5. Nc3 a6 6. h3 e5 7. Nde2 b5 8. Nd5 Nxd5 9. Qxd5 Ra7 10. Nc3 Rd7 11. a4 b4 12. Na2 Bb7 13. Qd3 d5 14.
exd5 Rxd5 15. Qe2 Be7 16. Be3 O-O 17. Rd1 Nc6 18. Rxd5 Qxd5 19. Qc4 Nd4 20. Bxd4 exd4 21. Qxd5 Bxd5 22. b3 a5 23. f3 Bh4+ 24. Kd1 Re8 25.
Bd3 Bg3 26. Nc1 h5 27. Bb5 Re7 28. Ne2 Bf2 29. Nf4 Re5 30. Rf1 Be3 31. Nd3 Rg5 32.
g4 hxg4 33. hxg4 f5 34. Bd7 fxg4 35. Bxg4 Kf7 36. Ne1 Re5 37. Nd3 Re7 38. Rh1 Rc7 39. Rh5 Rc5 40. Nxc5 1-0

[Event "*** Titled Tuesday Blitz"]
[Site "Chess.com"]
[Date "2021.04.06"]
[Round "7"]
[White "Fandorine"]
[Black "moro182"]
[Result "1-0"]
[WhiteElo "2905"]
[BlackElo "2742"]
[TimeControl "180+1"]
[EndTime "11:17:18 PDT"]
[Termination "Fandorine won by resignation"]

1. Nf3 g6 2. g3 Bg7 3. Bg2 d6 4. O-O Bd7 5. c4 Qc8 6. d4 Nc6 7. Nc3 Bh3 8. Bxh3 Qxh3 9. d5 Ne5 10. Nxe5 Bxe5 11. Qb3 O-O-O 12. Nb5 Kb8 13. Be3 a6 14. Nxc7 Kxc7 15. Bb6+ Kc8 16. f4 Bg7 17. c5 Nf6 18.
Rac1 Ng4 19. cxd6+ Kb8 20. Rf2 Nxf2 21. Rc7 Ka8 22. Bxf2 b5 23. Qe3 1-0

[Event "*** Titled Tuesday Blitz"]
[Site "Chess.com"]
[Date "2021.04.06"]
[Round "7"]
[White "lukazz029"]
[Black "ahmad_alkhatib11"]
[Result "1-0"]
[WhiteElo "2129"]
[BlackElo "2270"]
[TimeControl "180+1"]
[EndTime "11:17:19 PDT"]
[Termination "lukazz029 won by resignation"]

1. e4 c5 2. Nf3 g6 3. d4 cxd4 4. Nxd4 Nc6 5. c4 Bg7 6. Be3 Nf6 7. Nc3 O-O 8. Be2 b6 9. O-O Bb7 10. f3 e6 11. Rc1 d5 12. cxd5 exd5 13. Nxc6 Bxc6 14.
e5 Ne8 15. f4 f6 16. Bd4 Kh8 17. Bf3 Nc7 18. Ne2 Bb7 19. Qc2 Ne6 20. Bc3 Rc8 21. Qd2 fxe5 22. Bxe5 Bxe5 23. fxe5 Qg5 24. Qxg5 Nxg5 25. Bg4 Rxf1+ 26. Rxf1 Re8 27. Nd4 Rxe5 28.
h4 Re4 29. hxg5 Rxd4 30. Be6 h5 31. Rf8+ Kg7 32. Rf7+ Kh8 33. Rxb7 Re4 1-0

[Event "*** Titled Tuesday Blitz"]
[Site "Chess.com"]
[Date "2021.04.06"]
[Round "7"]
[White "Godzillator"]
[Black "Torrentec"]
[Result "1-0"]
[WhiteElo "2312"]
[BlackElo "2430"]
[TimeControl "180+1"]
[EndTime "11:17:21 PDT"]
[Termination "Godzillator won by resignation"]

1. d4 d5 2. c4 c6 3. cxd5 cxd5 4.
Bf4 Nf6 5. Nc3 Nc6 6. e3 a6 7.
Bd3 e6 8. Nf3 Bd7 9. h3 b5 10.
Rc1 Rc8 11. O-O Na5 12. Bb1 Nc4 13. b3 Na3 14. Bd3 Qa5 15. Nb1 Nxb1 16. Rxc8+ Bxc8 17. Qxb1 Ba3 18. Be5 h6 19. Qc2 O-O 20. Bc7 Qb4 21. Ne5 Bb7 22. Nc6 Bxc6 23. Qxc6 Qe7 24. Be5 Nd7 25.
Qxa6 Nxe5 26. dxe5 b4 27. e4 dxe4 28. Bxe4 Qc5 29.
Qd6 Qc3 30. Bb1 Bb2 31. f4 Qe3+ 32. Kh1 Rc8 33. Qd3 Qxd3 34. Bxd3 Rc3 35. Bc4 Rc2 36.
f5 Bxe5 37. fxe6 fxe6 38. Bxe6+ Kh8 39. Rf8+ Kh7 40. Bf5+ g6 41. Bxc2 1-0

[Event "*** Titled Tuesday Blitz"]
[Site "Chess.com"]
[Date "2021.04.06"]
[Round "7"]
[White "dosto07"]
[Black "shaheus"]
[Result "1-0"]
[WhiteElo "2260"]
[BlackElo "2369"]
[TimeControl "180+1"]
[EndTime "11:17:21 PDT"]
[Termination "dosto07 won by resignation"]

1. d4 Nf6 2. Nf3 g6 3. Nc3 Bg7 4. e4 d6 5. Be2 O-O 6. O-O c6 7. a4 a5 8. Be3 Nbd7 9. Nd2 e5 10. dxe5 dxe5 11. Nc4 Qe7 12. Qd6 Re8 13. Rad1 Bf8 14. Qxe7 Bxe7 15. Nd6 Rf8 16. Bc4 Kg7 17. g4 Bxd6 18.
Rxd6 Nxg4 19. Bc1 Nc5 20. f4 Be6 21. Be2 Rad8 22. Rxd8 Rxd8 23. f5 Nxe4 24. fxe6 Nxc3 25. Rxf7+ Kg8 26. bxc3 h5 27. Bg5 Rd2 28. Bxd2 1-0

[Event "*** Titled Tuesday Blitz"]
[Site "Chess.com"]
[Date "2021.04.06"]
[Round "7"]
[White "SanchezKelvin"]
[Black "Kostukov_Alex"]
[Result "0-1"]
[WhiteElo "2504"]
[BlackElo "2301"]
[TimeControl "180+1"]
[EndTime "11:17:22 PDT"]
[Termination "Kostukov_Alex won by checkmate"]

1. e4 c5 2. Nf3 g6 3. d4 cxd4 4.
Qxd4 Nf6 5. e5 Nc6 6. Qa4 Nd5 7. Qe4 Ndb4 8. a3 d5 9. Qe2 Na6 10. Nc3 Bg4 11. Bf4 Bg7 12. O-O-O e6 13. h3 Bxf3 14. Qxf3 O-O 15. Qg3 Nc5 16. f3 Nd7 17. Re1 a6 18.
Bd3 b5 19. h4 b4 20. axb4 Nxb4 21. h5 Nxd3+ 22. cxd3 Qb6 23. hxg6 hxg6 24. Bh6 Rfb8 25. Re2 Bxe5 26. Rxe5 Qxb2+ 27. Kd1 Qxc3 28. Reh5 Qxd3+ 29. Ke1 Rb1+ 30. Kf2 Qc2+ 31. Ke3 Rb3+ 32. Kf4 Nf6 33. Ke5 Qc3+ 34. Kd6 Ne8+ 35. Ke7 Qf6+ 36. Kd7 Qd8+ 37. Kc6 Qb6+ 38. Kd7 Ra7+ 39. Kxe8 Qb8+ 40. Qxb8 Rxb8# 0-1

[Event "*** Titled Tuesday Blitz"]
[Site "Chess.com"]
[Date "2021.04.06"]
[Round "7"]
[White "UKR_Master"]
[Black "C_K_G"]
[Result "1-0"]
[WhiteElo "2484"]
[BlackElo "2052"]
[TimeControl "180+1"]
[EndTime "11:17:22 PDT"]
[Termination "UKR_Master won by resignation"]

1. e4 c5 2. Nf3 d6 3. d4 cxd4 4. Nxd4 Nf6 5. Nc3 a6 6. h3 e5 7. Nde2 Be7 8. g4 Be6 9. Bg2 O-O 10. O-O Nbd7 11. Ng3 b5 12. Nf5 Nb6 13. g5 Ne8 14. h4 Rc8 15. Qf3 Nc7 16. Rd1 b4 17. Nd5 Ncxd5 18. exd5 Bxf5 19. Qxf5 Rxc2 20. Qxc2 Qd7 21. Kh2 Rc8 22. Qd3 Rc4 23. f4 Qg4 24. Rf1 exf4 25. Qh3 Qxh3+ 26. Bxh3 Nxd5 27. Bg2 Rc2 28. Kh1 Ne3 29.
Bxe3 fxe3 30. Rae1 Rxb2 31. Rxe3 Bf8 32. Bd5 Rd2 33. Bxf7+ Kh8 34. Re8 h5 35. g6 1-0

[Event "*** Titled Tuesday Blitz"]
[Site "Chess.com"]
[Date "2021.04.06"]
[Round "7"]
[White "Ladislav1969"]
[Black "PawnEatingZombie"]
[Result "1-0"]
[WhiteElo "2342"]
[BlackElo "2193"]
[TimeControl "180+1"]
[EndTime "11:17:23 PDT"]
[Termination "Ladislav1969 won on time"]

1. e4 c6 2. d4 d5 3. e5 Bf5 4. Nd2 e6 5. Nb3 Ne7 6. Nf3 Nc8 7. Be3 a5 8. a4 Be7 9. Be2 O-O 10. O-O Nb6 11.
Nfd2 N8d7 12. g4 Bg6 13. f4 f5 14. exf6 Nxf6 15. f5 exf5 16. gxf5 Bf7 17. Bf3 Bd6 18. Qe1 Re8 19. Qf2 Bh5 20. Rae1 Bxf3 21. Qxf3 Ne4 22. Nxe4 Rxe4 23. Nd2 Re8 24. Qg4 Nd7 25. Bg5 Qc7 26. Nf3 Rf8 27. Re6 c5 28. f6 Rf7 29.
Rfe1 Raf8 30. Ne5 Nxf6 31. Bxf6 Rxf6 32. Rxf6 Rxf6 33. Nd7 Bxh2+ 34. Kh1 1-0

[Event "*** Titled Tuesday Blitz"]
[Site "Chess.com"]
[Date "2021.04.06"]
[Round "7"]
[White "Aradhya2000"]
[Black "Andreikka"]
[Result "0-1"]
[WhiteElo "2599"]
[BlackElo "2862"]
[TimeControl "180+1"]
[EndTime "11:17:26 PDT"]
[Termination "Andreikka won by checkmate"]

1. d4 d5 2. c4 dxc4 3. e4 Nf6 4. e5 Nd5 5. Bxc4 Bf5 6. Nc3 e6 7. Nge2 Nb6 8. Bd3 Bxd3 9. Qxd3 Nc6 10. Qe4 Qd7 11.
h4 O-O-O 12. Be3 f5 13. Qc2 Nb4 14. Qb1 Be7 15. Nf4 N6d5 16. a3 Nxf4 17. Bxf4 Qxd4 18. axb4 Qxf4 19. Rxa7 Qd2+ 20. Kf1 Bxb4 21. Rh3 c6 22. Ra4 Bc5 23. Rf3 b5 24. Ra2 Qd4 25. Qc1 Kb7 26. Ra1 Qxh4 27. Rg3 g5 28. Rxg5 Qxf2# 0-1

[Event "*** Titled Tuesday Blitz"]
[Site "Chess.com"]
[Date "2021.04.06"]
[Round "7"]
[White "Alexander_Moskalenko"]
[Black "BilodeauA"]
[Result "1-0"]
[WhiteElo "2760"]
[BlackElo "2892"]
[TimeControl "180+1"]
[EndTime "11:17:28 PDT"]
[Termination "Alexander_Moskalenko won by resignation"]

1. e4 e5 2. Nf3 Nc6 3. Nc3 Nf6 4. d4 exd4 5. Nxd4 Nxe4 6. Nxe4 Qe7 7. Be2 Qxe4 8. Nb5 Bb4+ 9. c3 Ba5 10. O-O O-O 11. Be3 a6 12. Bd3 Qh4 13. Nd4 d6 14. Nxc6 bxc6 15.
g3 Qh3 16. Qa4 Qh5 17. Be4 Rb8 18. b4 Bb6 19. Bxb6 Rxb6 20. Bxc6 Bh3 21. Rfe1 d5 22.
Rad1 Be6 23. Rd4 h6 24. h4 Rd8 25. c4 Qf3 26. Bxd5 c6 27. Bxf3 1-0

[Event "*** Titled Tuesday Blitz"]
[Site "Chess.com"]
[Date "2021.04.06"]
[Round "7"]
[White "HanSchut"]
[Black "BigAl"]
[Result "0-1"]
[WhiteElo "2271"]
[BlackElo "2490"]
[TimeControl "180+1"]
[EndTime "11:17:28 PDT"]
[Termination "BigAl won by checkmate"]

1. e4 c6 2. d4 d5 3. e5 Bf5 4. Nf3 e6 5. Be2 Ne7 6. c3 Ng6 7. O-O Nd7 8. g3 f6 9. exf6 Qxf6 10. Bg5 Qf7 11. h4 h6 12. Be3 Bd6 13. Nbd2 O-O 14.
Nh2 e5 15. Bh5 Nf6 16. dxe5 Bxe5 17. f4 Bc7 18. Nb3 Nxh5 19. Qxh5 Bb6 20. Rae1 Be4 21.
Bc5 Rfe8 22. Bxb6 axb6 23. Nd4 Rxa2 24. Ng4 Rxb2 25. f5 Ne5 26. Qxf7+ Nxf7 27. f6 Rg2+ 28. Kh1 Rxg3+ 29. Rxe4 Rxe4 30. fxg7 Rexg4 31. Nf5 Rh3# 0-1

[Event "*** Titled Tuesday Blitz"]
[Site "Chess.com"]
[Date "2021.04.06"]
[Round "7"]
[White "Larciano"]
[Black "SkippingLaptop"]
[Result "1-0"]
[WhiteElo "1978"]
[BlackElo "2089"]
[TimeControl "180+1"]
[EndTime "11:17:28 PDT"]
[Termination "Larciano won on time"]

1. e4 c5 2. c3 d6 3. d4 cxd4 4. cxd4 Nf6 5. Nc3 Nc6 6. Nf3 Bd7 7. h3 g6 8. Bc4 Bg7 9. O-O O-O 10. Re1 a6 11. a3 b5 12. Ba2 Qc7 13. Be3 e6 14. Rc1 Qb7 15. e5 dxe5 16. Nxe5 Rfd8 17. Qf3 Rab8 18.
Bg5 Nxd4 19. Qf4 Nf5 20. g4 h6 21. Bxf6 Bxf6 22. gxf5 Bg5 23. Qg3 Bxc1 24. fxg6 f6 25. Nxd7 Qxd7 26. Bxe6+ Qxe6 27. Rxe6 Bg5 28. h4 1-0

[Event "*** Titled Tuesday Blitz"]
[Site "Chess.com"]
[Date "2021.04.06"]
[Round "7"]
[White "NiranjanNavalgund"]
[Black "Cuajada_Zero"]
[Result "1-0"]
[WhiteElo "2499"]
[BlackElo "2318"]
[TimeControl "180+1"]
[EndTime "11:17:29 PDT"]
[Termination "NiranjanNavalgund won on time"]

1. e4 c6 2. Nc3 d5 3. Nf3 dxe4 4. Nxe4 Nf6 5. Qe2 Nxe4 6. Qxe4 Nd7 7. Bc4 Nf6 8. Ne5 e6 9. Qe2 Be7 10. O-O O-O 11. d3 Qc7 12. Bf4 Bd6 13. Bg3 b5 14. Bb3 a5 15. a4 Bd7 16. f4 Rae8 17. Kh1 Nd5 18. Nxd7 Qxd7 19. axb5 cxb5 20. Rxa5 Qc7 21. Rxb5 Nxf4 22. Qg4 Ng6 23. Bxd6 Qxd6 24. h4 Rb8 25. Rg5 h6 26. Ra5 Qd8 27. Ra4 Ra8 28. Rxa8 Qxa8 29. Bxe6 fxe6 30. Qxe6+ Kh7 31. Rxf8 Qxf8 32. Qe4 h5 33.
Kh2 Qb8+ 34. g3 Qxb2 35. d4 Qc3 36. Qf5 Qd2+ 37. Kh3 Kh6 38. c4 Nh8 39. Qf4+ Qxf4 40. gxf4 Kg6 41. Kg3 Kf5 42. Kf3 Nf7 43. c5 1-0

[Event "*** Titled Tuesday Blitz"]
[Site "Chess.com"]
[Date "2021.04.06"]
[Round "7"]
[White "Snowflake"]
[Black "Matols"]
[Result "1-0"]
[WhiteElo "2497"]
[BlackElo "2310"]
[TimeControl "180+1"]
[EndTime "11:17:29 PDT"]
[Termination "Snowflake won by checkmate"]

1. h4 d5 2. g3 e5 3. Bg2 Nf6 4. d3 Nc6 5. Nd2 Bd6 6. e4 d4 7. Ne2 O-O 8. O-O Bg4 9. f3 Be6 10. f4 Bg4 11. f5 Nh5 12. Kh2 Be7 13. Bf3 Bxf3 14. Nxf3 g6 15. g4 Ng7 16. Qe1 f6 17. Qg3 gxf5 18. gxf5 Kf7 19. Bh6 Rg8 20. Rg1 Nh5 21.
Qf2 Bf8 22. Bd2 Bg7 23. Rg2 Qf8 24. Rag1 Ke7 25. c3 dxc3 26. Nxc3 Re8 27. Nd5+ Kd8 28. Bh6 Kc8 29. d4 exd4 30. Rxg7 Nxg7 31. Qg3 Qd6 32. Bxg7 Rxg7 33. Qxd6 cxd6 34. Rxg7 Rxe4 35. Nxf6 Re2+ 36. Kg3 d3 37. Rg8+ Kc7 38. Nd5+ Kd7 39. Rg7+ Kd8 40. Ng5 d2 41. Ne6+ Rxe6 42. fxe6 d1=Q 43. Rg8# 1-0